 Dungeon Crawl Stone Soup version 0.15-a0-77-g44c3f01 (webtiles) character file.

405 4tharraofdagon the Ruffian (level 6, 0/62 HPs)
             Began as an Ogre Transmuter on Apr 7, 2014.
             Slain by an orc wizard
             ... wielding a +1,+2 dagger of protection
              (2 damage)
             ... on Level 4 of the Dungeon.
             The game lasted 00:07:59 (1349 turns).

4tharraofdagon the Ruffian (Ogre Transmuter)        Turns: 1349, Time: 00:07:59

HP   0/62        AC  3     Str 18      XL: 6   Next: 43%
MP  11/11        EV  8     Int 12      God:
Gold 91          SH 25     Dex 10      Spells:  1 memorised,  8 levels left

rFire  . . .     SeeInvis .       - Unarmed
rCold  . . .     Clarity  .     c - +0 robe
rNeg   . . .     Conserve .     f - +0 large shield
rPois  .         rCorr    .     (helmet restricted)
rElec  .         rRot     .     (no cloak)
SustAb . .       Spirit   .     (gloves unavailable)
rMut   .         Warding  .     (boots unavailable)
Saprov + . .     Stasis   .     (no amulet)
MR     .....                    (no ring)
                                (no ring)

@: not resistant to hostile enchantments, unstealthy
A: unfitting armour, repulsion field 1, fast metabolism 1, saprovore 1, tough
skin 1
a: no special abilities


You were on level 4 of the Dungeon.
You were hungry.

You visited 1 branch of the dungeon, and saw 4 of its levels.
You also visited: Sewer.

You collected 91 gold pieces.

Inventory:

Missiles
 b - 12 arrows
Armour
 c - a +0 robe (worn)
 f - a +0 large shield (worn)
Magical devices
 i - a wand of polymorph (0)
Comestibles
 a - 2 meat rations
 g - a choko
 h - a rotting chunk of big fish flesh
Scrolls
 j - a scroll of noise
Potions
 e - a potion of curing
 k - 2 potions of magic
 l - a potion of restore abilities
Books
 d - a book of Changes

   Spells                             Type                      Level
   *Beastly Appendage                 Transmutation                1
   Sticks to Snakes                   Transmutation                2
   Spider Form                        Transmutation/Poison         3
   Ice Form                           Ice/Transmutation            4
   Blade Hands                        Transmutation                5


   Skills:
 + Level 3.8 Fighting
 + Level 3.0 Dodging
 + Level 2.2 Shields
 * Level 4.4 Unarmed Combat
 - Level 2.4 Spellcasting
 - Level 1.4 Transmutations


You had 8 spell levels left.
You knew the following spells:

 Your Spells              Type           Power        Failure   Level  Hunger
a - Beastly Appendage     Trmt           #.....       100%        1    ##.....


Dungeon Overview and Level Annotations

Branches:
Dungeon (4/15)
 Temple: D:4-7

Altars:
Yredelemnul

Annotations:
D:4 sohrabkorkchi's ghost, average LOFi


Innate Abilities, Weirdness & Mutations

You are too large for most types of armour.
You have a fast metabolism.
You can tolerate rotten meat.
You have tough skin (AC +1).
You are surrounded by a mild repulsion field (EV +2).


Message History

The orc wizard shouts!
The kobold shouts!
The orc priest mumbles some strange prayers to Beogh.
You feel troubled.
Found a stone staircase leading down.
Unknown command.
Sohrabkorkchi's ghost hits you!
* * * LOW HITPOINT WARNING * * *
The hound bites you.
* * * LOW HITPOINT WARNING * * *
The orc wizard hits you but does no damage.
The orc wizard gestures wildly while chanting.
The orc wizard seems to speed up.
A goblin comes into view. It is wielding a dagger.
Autopickup is now off.
Your shield prevents you from hitting the jackal.
The jackal is moderately wounded.
The goblin shouts!
You block the hound's attack.
The orc wizard hits you with a glowing dagger.
You die...

########################
...(....o..O.g.hp........
.............hhh@........
............g..o.......##
...............gsooK...#
...#########...........#
#..# #........o>.# #..#
#........... #..#
#.......... #..#####
#....>#### #...... ...
.g#


You could see an ogre, a scorpion, a hound, 2 orc priests, 2 orc wizards,
sohrabkorkchi's ghost, an orc, 3 jackals, 2 hobgoblins, 2 goblins and a kobold.

Vanquished Creatures
  An ogre (D:4)
  A big kobold (Sewer)
  A giant frog (D:3)
  A big fish (Sewer)
  Ijyb (D:3)
  An adder (D:3)
  2 green rats
  4 orcs (D:4)
  5 bats
  3 giant cockroaches
  4 goblins
  A hobgoblin (D:2)
  3 kobolds
  4 giant newts
  3 jackals
  A jackal zombie (D:3)
  8 rats
44 creatures vanquished.

Notes
Turn   | Place    | Note
--------------------------------------------------------------
     0 | D:1      | 4tharraofdagon, the Ogre Transmuter, began the quest for the Orb.
     0 | D:1      | Reached XP level 1. HP: 19/19 MP: 3/3
   247 | D:1      | Reached XP level 2. HP: 15/28 MP: 5/5
   407 | D:3      | Reached skill level 3 in Unarmed Combat
   418 | D:3      | Noticed a giant frog
   422 | D:3      | Killed a giant frog
   422 | D:3      | Reached skill level 1 in Shields
   422 | D:3      | Reached XP level 3. HP: 13/36 MP: 6/6
   422 | D:3      | Reached XP level 4. HP: 15/44 MP: 8/8
   423 | D:3      | Noticed Ijyb
   432 | D:3      | Killed Ijyb
   488 | D:3      | Noticed a human
   490 | D:3      | Found a basalt altar of Yredelemnul.
   687 | D:4      | Noticed an ogre
   712 | D:4      | Killed an ogre
   712 | D:4      | Reached skill level 4 in Unarmed Combat
   712 | D:4      | Reached XP level 5. HP: 51/53 MP: 9/9
   743 | D:4      | Found a glowing drain.
   747 | Sewer    | Entered a sewer
   800 | Sewer    | Gained mutation: You are surrounded by a mild repulsion field (EV +2). [potion of beneficial mutation]
  1014 | Sewer    | Reached XP level 6. HP: 48/61 MP: 11/11
  1135 | Sewer    | Found a white marble altar of Elyvilon.
  1266 | D:4      | Noticed an ogre
  1345 | D:4      | Noticed sohrabkorkchi's ghost (average LOFi)
  1348 | D:4      | HP: 1/62 [hound (5)]
  1349 | D:4      | Slain by an orc wizard

Action                   |  1- 3 |  4- 6 || total
-------------------------+-------+-------++-------
Melee: Unarmed           |    98 |   149 ||   247
Evoke: Wand              |       |     2 ||     2
  Use: Potion            |     3 |     3 ||     6
       Scroll            |       |     6 ||     6
